 Dungeon Crawl Stone Soup version 0.29.0-4-gdea44cf6ec (webtiles) character file.

Game seed: 14300029159916191561

944 qw the Chopper (level 8, 0/42 (46) HPs)
             Began as a Tengu Warper on Aug 28, 2022.
             Was an Initiate of Okawaru.
             Slain by a wight
             ... wielding a +1 great sword
              (5 damage)
             ... on level 6 of the Dungeon.
             The game lasted 00:00:37 (6231 turns).

qw the Chopper (Tengu Warper)                       Turns: 6231, Time: 00:00:37

HP:   0/42 (46)     AC:  8    Str: 11 (14) XL:     8   Next: 12%
MP:   12/12         EV:  2    Int: 12 (14) God:    Okawaru [......]
Gold: 432           SH: 17    Dex:  9 (13) Spells: 11/11 levels left

rFire   . . .      SeeInvis .   Y - +0 hand axe
rCold   . . .      Faith    .   a - +0 tower shield
rNeg    . . .      Spirit   .   i - +0 chain mail
rPois   +          Reflect  +   (helmet restricted)
rElec   .          Harm     .   (no cloak)
rCorr   .          Rampage  .   (no gloves)
Will    .....                   (boots unavailable)
Stlth   ..........              l - amulet of reflection
HPRegen 0.14/turn               (no ring)
MPRegen 0.13/turn               (no ring)

@: flying quickly and evasively, drained, quick
A: beak, talons 3, nimble flight, deterioration 1, poison resistance, screaming
1
a: Renounce Religion


You were on level 6 of the Dungeon.
You worshipped Okawaru.
Okawaru was noncommittal.
You visited 2 branches of the dungeon, and saw 7 of its levels.

You collected 432 gold pieces.


Innate Abilities, Weirdness & Mutations

You have a beak for a mouth.
You have claws for feet.
Your magical nature lets you fly swiftly and evasively.
Your body sometimes deteriorates upon taking damage.
Your system is resistant to poisons. (rPois)
You occasionally shout uncontrollably at your foes.


   Skills:
 - Level 3.0 Fighting
 - Level 7.4 Axes
 - Level 1.0 Throwing
 - Level 1.1 Armour
 - Level 2.1 Dodging
 + Level 5.7 Shields
 - Level 2.0 Spellcasting
 - Level 2.4 Translocations


You had 11 spell levels left.
You didn't know any spells.
Your spell library contained the following spells:

 Spells                   Type           Power      Damage    Failure   Level
 Blink                    Tloc           12%        N/A       100%        2
 Gell's Gravitas          Tloc           6%         N/A       100%        3
 Lesser Beckoning         Tloc           6%         N/A       100%        3
 Teleport Other           Tloc           6%         N/A       100%        3
 Manifold Assault         Tloc           6%         N/A       100%        5

Inventory:

Hand Weapons
 q - a +0 flail
 Y - a +0 hand axe (weapon)
Armour
 a - a +0 tower shield (worn)
 i - a +0 chain mail (worn)
Jewellery
 l - an amulet of reflection (around neck)
Scrolls
 d - 2 scrolls of identify
 n - 3 scrolls of enchant armour
Potions
 b - 4 potions of curing
 c - a potion of haste
 j - a potion of mutation
 k - 2 potions of might

Dungeon Overview and Level Annotations

Branches:
Dungeon (6/15)             Temple (1/1) D:5

Altars:
Ashenzari
Cheibriados
Dithmenos
Elyvilon
Fedhas
Gozag
Kikubaaqudgha
Makhleb
Okawaru
Qazlal
Ru
Sif Muna
Trog
Uskayaw
Vehumet
Wu Jian
Xom
Yredelemnul
Zin
The Shining One


Message History

Found a ring mail.
You now have 432 gold pieces (gained 18).
You reach down and open the door.
There is an open door here.
You reach down and open the door.
There is an open door here.
You reach down and open the door.
A hound comes into view.
The hound barks!
There is an open door here.
Enter note:
Enter note: A wight comes into view. It is wielding a +1 great sword.
A wight comes into view. It is wielding a +3 mace.
You hit the hound. Your kick misses the hound.
The hound is moderately wounded.
The hound bites you. You block the hound's attack.
You hit the hound but do no damage. You claw the hound.
Your peck misses the hound.
The hound is moderately wounded.
A wight comes into view. It is wielding a +6 halberd.
You block the hound's attack. x2
You closely miss the hound. Your kick misses the hound.
The hound is moderately wounded.
The hound bites you.
You barely miss the hound.
The hound is moderately wounded.
The hound bites you. x2
You hit the hound.
The hound is heavily wounded.
You block the hound's attack. The hound bites you.
You hit the hound. You claw the hound.
The hound is almost dead.
You hit the wight. You hit the wight but do no damage.
You block the hound's attack. The wight hits you with a +3 mace!
You feel drained.
The wight hits you with a +1 great sword!
Your body deteriorates!
You feel clumsy.
You feel drained.
You die...

## .# .# .# '### #######
...# ....... ...#
.......
...##############z......
...'............@h.z....
...##############z......
...# ....... ...#
####### ...# ...# ...#
...#


You could see a hound and 3 wights.

Vanquished Creatures
  Grinder (D:3)
  Menkaure (D:5)
  2 ogres
  A necrophage (D:4)
  A howler monkey (D:5)
  2 hounds
  Terence (D:3)
  Robin (D:3)
  A gnoll (D:3)
  2 river rats (D:3)
  13 adders
  4 worms
  2 dart slugs
  4 orcs
  11 ball pythons
  6 endoplasms
  A giant cockroach (D:3)
  19 goblins
  9 hobgoblins
  2 jackals (D:3)
  8 kobolds
  3 quokkas
  9 bats
  4 frilled lizards
  5 rats
113 creatures vanquished.

Notes
Turn   | Place    | Note
-------+----------+-------------------------------------------
     0 | D:1      | qw the Tengu Warper began the quest for the Orb.
     0 | D:1      | Reached XP level 1. HP: 12/12 MP: 4/4
     0 | D:1      | 0 ||| qw: Version: 0.1-a-89-g26bdef1
     0 | D:1      | 0 ||| qw: Game counter: 1297
     0 | D:1      | 0 ||| qw: Always use a shield: true
     0 | D:1      | 0 ||| qw: God list: Okawaru
     0 | D:1      | 0 ||| qw: Allow faded altars: false
     0 | D:1      | 0 ||| qw: Do Orc after D:15 true
     0 | D:1      | 0 ||| qw: Do second Lair branch before Depths: true
     0 | D:1      | 0 ||| qw: Lair rune preference: random
     0 | D:1      | 0 ||| qw: Plans: Normal
     0 | D:1      | 0 ||| PLANNING D:1-11
    96 | D:1      | HP: 3/12 [hobgoblin (2)]
   334 | D:1      | 334 ||| Stepping ~*~*~tactically~*~*~ (stealth).
   503 | D:1      | Reached XP level 2. HP: 14/17 MP: 6/6
   505 | D:1      | Reached skill level 3 in Axes
  1048 | D:1      | 1048 ||| UPGRADING to +0 leather armour of cold resistance.
  1058 | D:1      | 1058 ||| DROPPING +0 leather armour.
  1059 | D:1      | 1059 ||| UPGRADING to +0 scale mail.
  1069 | D:1      | 1069 ||| DROPPING +0 leather armour of cold resistance.
  1070 | D:1      | 1070 ||| UPGRADING to +0 buckler.
  1075 | D:1      | 1075 ||| UPGRADING to amulet of reflection.
  1080 | D:1      | 1080 ||| READING scroll labelled AKAHEH CAJEEDY.
  1081 | D:1      | 1081 ||| READING scroll labelled ZYUROMICYF.
  1082 | D:1      | 1082 ||| READING 3 scrolls labelled ROW JUFELUAMEA.
  1083 | D:1      | 1083 ||| DRINKING 2 fuming emerald potions.
  1084 | D:1      | 1084 ||| DROPPING scroll of blinking.
  1151 | D:2      | 1151 ||| STAIRDANCE
  1311 | D:2      | Reached skill level 1 in Shields
  1311 | D:2      | Reached XP level 3. HP: 21/21 MP: 7/7
  1400 | D:2      | 1400 ||| Stepping ~*~*~tactically~*~*~ (stealth).
  1407 | D:2      | 1407 ||| Stepping ~*~*~tactically~*~*~ (stealth).
  1538 | D:2      | Found a shimmering altar of Xom.
  1685 | D:2      | 1685 ||| Stepping ~*~*~tactically~*~*~ (hiding).
  1694 | D:2      | 1694 ||| STAIRDANCE
  1716 | D:1      | 1716 ||| READING 2 scrolls labelled REUTAPNEUTE.
  1717 | D:1      | 1717 ||| READING scroll labelled WYIRES YSKELLA.
  1718 | D:1      | 1718 ||| DROPPING scroll of fear.
  1723 | D:2      | 1723 ||| Stepping ~*~*~tactically~*~*~ (hiding).
  1735 | D:2      | Reached skill level 4 in Axes
  1737 | D:2      | Reached XP level 4. HP: 14/26 MP: 8/8
  2056 | D:3      | 2056 ||| PLANNING SEWER
  2056 | D:3      | 2056 ||| STAIRDANCE
  2064 | D:3      | 2064 ||| STAIRDANCE
  2103 | D:3      | Found a broken altar of Ashenzari.
  2133 | D:3      | 2133 ||| FLEEEEING.
  2138 | D:3      | 2138 ||| STAIRDANCE
  2186 | D:3      | 2186 ||| DROPPING +0 club.
  2294 | D:3      | Reached skill level 5 in Axes
  2305 | D:3      | Noticed Grinder
  2306 | D:3      | 2306 ||| Stepping ~*~*~tactically~*~*~ (hiding).
  2321 | D:3      | Paralysed by Grinder for 2 turns
  2325 | D:3      | 2325 ||| Stepping ~*~*~tactically~*~*~ (hiding).
  2326 | D:3      | 2326 ||| Stepping ~*~*~tactically~*~*~ (hiding).
  2329 | D:3      | HP: 1/26 [Grinder (6)]
  2331 | D:3      | Killed Grinder
  2332 | D:3      | Reached skill level 7 in Axes
  2332 | D:3      | Gained mutation: Your magical nature lets you fly swiftly
                  | and evasively. [Tengu growth]
  2332 | D:3      | Reached XP level 5. HP: 1/30 MP: 9/9
  2332 | D:3      | Reached XP level 6. HP: 2/35 MP: 10/10
  2661 | D:3      | 2661 ||| Stepping ~*~*~tactically~*~*~ (stealth).
  2795 | D:3      | 2795 ||| RIP SEWER
  2802 | D:3      | 2802 ||| PLANNING D:1-11
  2839 | D:3      | Found a sacrificial altar of Ru.
  2840 | D:3      | Found a hide-covered altar of Uskayaw.
  2862 | D:3      | 2862 ||| Stepping ~*~*~tactically~*~*~ (stealth).
  3038 | D:3      | 3038 ||| FLEEEEING.
  3237 | D:3      | Noticed Robin
  3254 | D:3      | Killed Robin
  3255 | D:3      | Reached skill level 3 in Fighting
  3415 | D:3      | Noticed Terence
  3426 | D:3      | Killed Terence
  3577 | D:3      | 3577 ||| DROPPING +0 whip.
  3640 | D:3      | Reached XP level 7. HP: 38/41 MP: 11/11
  3871 | D:3      | 3871 ||| Stepping ~*~*~tactically~*~*~ (stealth).
  4081 | D:3      | 4081 ||| UPGRADING to +0 tower shield.
  4091 | D:3      | 4091 ||| DROPPING +0 buckler.
  4092 | D:3      | 4092 ||| READING scroll labelled FUIZUE YKHLE.
  4096 | D:3      | 4096 ||| DRINKING 2 red potions.
  4097 | D:3      | 4097 ||| DRINKING 3 golden potions.
  4156 | D:3      | 4156 ||| DRINKING 2 white potions.
  4157 | D:3      | 4157 ||| DRINKING 2 blue potions.
  4157 | D:3      | Gained mutation: You have hidden genetic defects. [potion
                  | of mutation]
  4157 | D:3      | Gained mutation: Your system is resistant to poisons.
                  | (rPois) [potion of mutation]
  4158 | D:3      | 4158 ||| DRINKING 2 sedimented silvery potions.
  4159 | D:3      | 4159 ||| DROPPING 2 potions of lignification.
  4160 | D:3      | 4160 ||| DROPPING potion of brilliance.
  4161 | D:3      | 4161 ||| DROPPING potion of attraction.
  4202 | D:4      | Reached skill level 3 in Shields
  4209 | D:4      | Gained mutation: You occasionally shout uncontrollably at
                  | your foes. [hidden defects]
  4312 | D:4      | 4312 ||| FLEEEEING.
  4313 | D:4      | 4313 ||| FLEEEEING.
  4314 | D:4      | 4314 ||| FLEEEEING.
  4315 | D:4      | 4315 ||| FLEEEEING.
  4317 | D:4      | 4317 ||| STAIRDANCE
  4396 | D:3      | 4396 ||| DRINKING 2 bubbling pink potions.
  4498 | D:4      | Noticed a water elemental
  4548 | D:4      | Found a stormy altar of Qazlal.
  4552 | D:4      | Noticed an air elemental
  4553 | D:4      | Noticed a fire elemental
  4824 | D:4      | 4824 ||| UPGRADING to +0 chain mail.
  4834 | D:4      | 4834 ||| DROPPING +0 scale mail.
  4835 | D:4      | 4835 ||| READING scroll labelled NURUCK QY BYTI.
  4836 | D:4      | 4836 ||| DRINKING 2 purple potions.
  4837 | D:4      | 4837 ||| READING 2 scrolls of identify.
  4837 | D:4      | 4837 ||| IDENTIFYING sedimented puce potion
  4838 | D:4      | 4838 ||| DROPPING potion of berserk rage.
  4850 | D:5      | Entered Level 5 of the Dungeon
  4861 | D:5      | Found a staircase to the Ecumenical Temple.
  4862 | D:5      | 4862 ||| PLANNING TEMPLE
  4872 | Temple   | Entered the Ecumenical Temple
  4910 | Temple   | Became a worshipper of Warmaster Okawaru
  4961 | Temple   | 4961 ||| PLANNING D:1-11
  4977 | D:5      | Noticed Menkaure
  4978 | D:5      | 4978 ||| Stepping ~*~*~tactically~*~*~ (hiding).
  4987 | D:5      | HP: 7/41 [Menkaure/nerve-wracking pain (11)]
  4988 | D:5      | 4988 ||| DRINKING potion of heal wounds.
  4989 | D:5      | Killed Menkaure
  5012 | D:5      | Gained mutation: Your body sometimes deteriorates upon
                  | taking damage. [hidden defects]
  5012 | D:5      | Lost mutation: You have hidden genetic defects. [hidden
                  | defects expressed]
  5221 | D:5      | HP: 10/41 [ogre/+0 giant club (18)]
  5223 | D:5      | Reached XP level 8. HP: 11/46 MP: 12/12
  5602 | D:5      | 5602 ||| Stepping ~*~*~tactically~*~*~ (hiding).
  5847 | D:5      | Found a bloodstained altar of Trog.
  6140 | D:5      | 6140 ||| READING scroll labelled LODDIO ZIJAOTIBB.
  6141 | D:5      | 6141 ||| READING scroll labelled ZUD YCATZAE.
  6142 | D:5      | 6142 ||| DRINKING 2 sedimented grey potions.
  6143 | D:5      | 6143 ||| DRINKING 2 lumpy yellow potions.
  6144 | D:5      | 6144 ||| READING 3 scrolls of identify.
  6144 | D:5      | 6144 ||| IDENTIFYING sapphire potion
  6145 | D:5      | 6145 ||| DROPPING potion of degeneration.
  6146 | D:5      | 6146 ||| DROPPING potion of invisibility.
  6147 | D:5      | 6147 ||| DROPPING potion of flight.
  6231 | D:6      | HP: 5/44 [wight/+1 great sword (13)]
  6231 | D:6      | Slain by a wight

Levels and vault maps discovered:
D:1:      amcnicky_arrival_single_pillar, layout_basic, minmay_cupped
D:2:      layout_basic, basic_altar, hex_tiny, minmay_misc_feat_encased,
          item_on_display_a
D:3:      minmay_chambers_of_threes, layout_basic, cheibrodos_ashenzari_chains,
          mainiacjoe_overflow_divided_tiny, lightli_sewer_entry_pipes,
          uniq_grinder, uniq_robin, uniq_terence
D:4:      layout_rooms, nicolae_qazlal_style_of_elements
D:5:      layout_cave_pools, bloody_trog, minmay_temple_entry_glass,
          dreamdust_princess_corridor, minivault_5, lemuel_flame_loot_1,
          uniq_menkaure
D:6:      layout_basic, serial_shops, shop, roderic_cross_of_infinity,
          serial_park_tiny_pond, st_stairs_13
Temple:   nicolae_temple_superstar

Skill      XL: |  1  2  3  4  5  6  7 |
---------------+----------------------+-----
Axes           | 3 4 7 |  7.4
Shields        | 1 2 5 |  5.7
Fighting       | 3 |  3.0
Throwing       | |  1.0
Armour         | |  1.1
Dodging        | |  2.1
Spellcasting   | |  2.0
Translocations | |  2.4

Action                   |  1- 3 |  4- 6 |  7- 9 || total
-------------------------+-------+-------+-------++-------
Melee: Hand axe          |    91 |   152 |   127 ||   370
       Kick              |    24 |    41 |    26 ||    91
       Peck              |    13 |    24 |    25 ||    62
Throw: Boomerang         |     7 |       |       ||     7
  Use: Scroll            |     5 |       |     6 ||    11
       Potion            |     1 |       |    10 ||    11
Armor: Leather armour    |    17 |       |       ||    17
       Scale mail        |    22 |    39 |    22 ||    83
       Chain mail        |       |       |    10 ||    10
Dodge: Dodged            |    35 |    53 |    26 ||   114
Block: Buckler           |    24 |    71 |    22 ||   117
       Reflection        |     1 |     1 |     4 ||     6
       Tower shield      |       |       |    59 ||    59

Table legend:
 A = Non-vault XP
 B = Vault XP
 C = Vault XP percentage of total XP
 D = Non-vault monster count
 E = Vault monster count
 F = Vault count percentage of total count
                 A         B        C        D         E       F
            +---------+---------+-------+---------+---------+-------
      Total |     665 |     684 |  50.7 |      74 |      39 |  34.5
            +---------+---------+-------+---------+---------+-------
        D:1 |      34 |       6 |  15.0 |      14 |       3 |  17.6
        D:2 |      88 |       0 |   0.0 |      19 |       0 |   0.0
        D:3 |      57 |     506 |  89.9 |      23 |      35 |  60.3
        D:4 |     262 |       0 |   0.0 |      12 |       0 |   0.0
        D:5 |     224 |     172 |  43.4 |       6 |       1 |  14.3
            +---------+---------+-------+---------+---------+-------
